AoeStats
← Count Foxbat

Arabia

510088900Analyzed
1v1 RM · 2d ago on Sep 29, 2026· 32m 33s· 2 players
Game mode
Random Map
Map size
Tiny (2 player)
Population
200
Speed
Normal
Resources
Standard
Victory
Conquest
Starting age
Dark Age
Ending age
Imperial Age
RankedLock teamsTeams togetherTeam positionsShared explorationLock speedFull tech treeHidden civsTurbo modeCheats
Victory
Defeat
🇨🇳 Varangians · China
914
+17
🇩🇪 Franks · Germany
928
-46
历史大帝
12:16 Feudal Age
11:11 Loom
19:19 Castle Age
17:28 Fletching
18:57 Bloodlines
19:35 Padded Archer Armor
19:26 Double-Bit Axe
21:48 Leather Archer Armor
22:26 Bodkin Arrow
27:13 Husbandry
Count Foxbat
7:20 Loom
9:48 Feudal Age
23:04 Castle Age
21:24 Scale Barding Armor
22:17 Double-Bit Axe
22:31 Gold Mining
24:32 Husbandry
Connection lost

Rejoining the realm…

Still unreachable

The connection could not be restored.

Session expired

The server has moved on; the page needs a fresh start.